[Event "7th Sharjah Masters 2024"]
[Site "Sharjah"]
[Date "2024.05.14"]
[Round "1.22"]
[White "Sankalp Gupta"]
[Black "Ter-Sahakyan, Samvel"]
[Result "1/2-1/2"]
[ECO "D30"]
[WhiteElo "2532"]
[BlackElo "2652"]
[Annotator "TA"]
[PlyCount "132"]
[EventDate "2024.05.13"]
[EventType "swiss"]
[EventCountry "UAE"]
[SourceTitle "playchess.com"]
[Source "ChessBase"]
[SourceQuality "1"]
[TimeControl "5400+30"]

1. Nf3 d5 2. e3 Nf6 3. c4 c6 4. Nc3 Nbd7 5. cxd5 cxd5 6. d4 e6 7. Bd3 Bd6 $1 {[%emt 0:00:11] 7...Bd6 scores better than 7...Be7.} 8. O-O {[%emt 0:00:00] D30: Queen's Gambit Declined: Systems without Nc3.} O-O 9. Bd2 a6 10. a3 e5 11. dxe5 Nxe5 12. Be2 Re8 $146 ({Predecessor:} 12... Ng6 13. Qb3 Rb8 14. Rfd1 h6 15. h3 Be6 16. Nd4 Qd7 17. Nxe6 fxe6 18. Rac1 Qf7 {½-½ Klaas,T (1653)-Masrahi,A (1746) Olympiad-41 Tromsoe 2014 (7.1)}) 13. Rc1 Qe7 14. Nd4 b5 15. Na2 Nc4 16. Rc2 Qe5 17. Nf3 Qh5 18. Bb4 Bb8 19. b3 Ng4 20. h3 Ngxe3 21. fxe3 Nxe3 22. Rxc8 Rxc8 23. Qd3 Ba7 24. Rf2 (24. Bd2 {might work better.} Re8 (24... Nxf1+ $2 25. Kxf1 Qg6 26. Qxg6 $19) 25. Nc3) 24... Qf5 $19 25. Bc3 Qxd3 26. Bxd3 {[%emt 0:00:00] [#]} Rxc3 (26... Nd1 $1 $19 27. Bd4 Nxf2 28. Kxf2 Bxd4+ 29. Nxd4 Rd8) 27. Nxc3 $15 Rc8 28. Ne2 Nd1 29. Ned4 Nxf2 30. Kxf2 Bc5 (30... Re8 $5 31. a4 g5 $15) 31. a4 bxa4 32. bxa4 Rb8 33. Bxa6 Rb4 34. Ke3 Rxa4 35. Be2 g6 36. Kd3 $1 Ra3+ 37. Kc2 Kg7 38. Nb5 Ra5 39. Ne5 Ra2+ 40. Kd3 Rb2 41. Nc7 Rb3+ 42. Kd2 $1 Bb4+ 43. Kd1 Rb2 44. Nf3 d4 45. Nd5 Bc3 46. Nf4 f5 47. Nd3 Ra2 48. Nc1 Ra8 49. Kc2 Re8 50. Bc4 Kf6 51. Ne2 g5 52. Nfxd4 Bxd4 53. Nxd4 Ke5 54. Ne2 Rd8 55. Bd3 Ra8 56. Kd2 h5 57. Ng3 Ra2+ 58. Bc2 $1 h4 59. Nxf5 Rxc2+ 60. Kxc2 Kxf5 61. Kd3 Kf4 62. Ke2 Kg3 63. Kf1 g4 64. hxg4 Kxg4 65. Kf2 h3 66. gxh3+ Kxh3 1/2-1/2

[Event "7th Sharjah Masters 2024"]
[Site "Sharjah"]
[Date "2024.05.14"]
[Round "1.23"]
[White "Nguyen, Thai Dai Van"]
[Black "Pranav Anand"]
[Result "1-0"]
[ECO "D35"]
[WhiteElo "2650"]
[BlackElo "2532"]
[Annotator "TA"]
[PlyCount "111"]
[EventDate "2024.05.13"]
[EventType "swiss"]
[EventCountry "UAE"]
[SourceTitle "playchess.com"]
[Source "ChessBase"]
[SourceQuality "1"]
[TimeControl "5400+30"]

1. c4 e6 2. Nc3 d5 3. d4 Nf6 4. cxd5 exd5 5. Bg5 Be7 6. e3 h6 7. Bh4 Bg4 8. Qc2 O-O 9. h3 Be6 10. Rd1 Ne8 11. Bxe7 Qxe7 12. Bd3 Nd6 13. Nge2 Nd7 14. O-O c6 15. f3 f5 16. Rde1 Rae8 17. Nf4 Qf6 18. Qf2 Bf7 19. Bc2 a5 20. b3 b5 21. Qd2 g5 22. Nfe2 Bg6 23. Nd1 Qd8 24. Nf2 Re6 25. Nd3 Kh7 26. Nc5 Re7 27. Nxd7 Rxd7 28. Nc1 Re7 29. Nd3 Nf7 30. Bb1 b4 31. f4 Qd6 32. Rc1 Qe6 33. Ne5 Nxe5 34. fxe5 Rg7 35. Rc5 f4 {[%emt 0:00:15] [#]} 36. Bxg6+ (36. exf4 Bxb1 37. Rxb1 gxf4 $14) (36. Qc1 $1 $18 {is more deadly.} Bxb1 37. Qxb1+ Rg6 38. Kh2 (38. Rxa5 Kh8 $18)) 36... Qxg6 $16 37. Qc2 (37. exf4 gxf4 38. Qc2 (38. Rxa5 f3 $17) 38... Qxc2 39. Rxc2 f3 $11) 37... Qxc2 38. Rxc2 Rgf7 39. e6 Rf6 ({Black should try} 39... Rc7) 40. Rxc6 $16 Re8 41. exf4 gxf4 42. Re1 f3 43. Re5 fxg2 44. Rc7+ (44. Kxg2 Rg8+ 45. Kh1 Rf1+ 46. Kh2 Rf2+ 47. Kh1 Rf1+ 48. Kh2 Rf2+ 49. Kh1 Rf1+ $11) (44. Rxd5 $6 Rfxe6 45. Rxe6 Rxe6 $16) (44. Rd6 $142 $1) 44... Kg6 $16 45. e7 (45. Rxd5 Rexe6 46. Rxa5 (46. Kxg2 Re2+ 47. Kg3 h5 $11) 46... Re1+ (46... Re2 47. Rc1 $11) 47. Kxg2 Re2+ 48. Kg1 Re1+ 49. Kh2 Re2+ 50. Kg1 Re1+ 51. Kg2 Re2+ 52. Kg3 Re3+ 53. Kh2 (53. Kg2 Re2+ $11) 53... Re2+ (53... Rf2+ 54. Kg1 $16) 54. Kg1 $11) (45. Kxg2 $6 Rfxe6 46. Rxe6+ (46. Rxd5 Re2+ 47. Kf3 R8e3+ 48. Kf4 Re4+ 49. Kf3 R2e3+ 50. Kg2 Re2+ 51. Kf3 R4e3+ 52. Kf4 Re4+ 53. Kg3 R4e3+ 54. Kf4 $11) 46... Rxe6 $11) 45... Rf5 46. Rc6+ (46. Kxg2 $6 Rxe5 47. dxe5 Kf5 $11) 46... Kg5 $2 (46... Rf6 $16 47. Rc2 (47. Rxf6+ Kxf6 48. Rxd5 Rxe7 $16) 47... Rf4) 47. Re2 (47. Kxg2 Rxe5 48. dxe5 Rxe7 $11) 47... Rf4 $2 (47... Rf1+ 48. Kxg2 Rf6) 48. Re5+ (48. Kxg2 Rxd4 49. Rd6 Re4 50. Rxd5+ Kf4 51. Rxe4+ Kxe4 52. Rxa5 Rxe7 $16) 48... Rf5 49. Re2 (49. Kxg2 Rxe5 50. dxe5 Rxe7 $11) (49. Rxf5+ Kxf5 50. Kxg2 (50. Rc7 Ke4 $11) 50... Rxe7 $11) (49. h4+ $142 Kf4 50. Re2 (50. Rxh6 Rxe5 51. dxe5 Rxe7 $17) (50. Rxf5+ Kxf5 51. Rc7 Ke6 $11)) 49... Rf4 $18 50. Rd6 (50. Kxg2 Rxd4 51. Rd6 Re4 52. Rxd5+ Kf4 53. Rxe4+ Kxe4 54. Rxa5 Rxe7 $18) 50... Rf7 51. Rxd5+ Kh4 (51... Kf6 $18 52. Rd6+ (52. Kxg2 Rexe7 53. Rxe7 Kxe7 $16) (52. Rxa5 Rfxe7 53. Rxg2 Re4 $16) 52... Kg7) 52. Rde5 Kxh3 53. R5e3+ (53. Rxa5 $2 Rf1#) (53. Rxg2 $142 Rf4 54. Rh5+ (54. Rxa5 Rxe7 55. Rh5+ Rh4 $18) 54... Rh4 55. Rh2+ (55. Rxa5 Rxe7 56. Ra6 h5 $14) 55... Kg4 56. R5xh4+ (56. R2xh4+ Kg3 $18) 56... Kg5 57. Re4 (57. Rxh6 Rxe7 58. Kf2 Rc7 $18) 57... h5 58. d5) 53... Kh4 54. Kxg2 Rf5 55. Re5 Rf4 56. R5e4 1-0

[Event "7th Sharjah Masters 2024"]
[Site "Sharjah"]
[Date "2024.05.14"]
[Round "1.24"]
[White "Kacharava, Nikolozi"]
[Black "Yilmaz, Mustafa"]
[Result "1-0"]
[ECO "B90"]
[WhiteElo "2527"]
[BlackElo "2641"]
[Annotator "TA"]
[PlyCount "61"]
[EventDate "2024.05.13"]
[EventType "swiss"]
[EventCountry "UAE"]
[SourceTitle "playchess.com"]
[Source "ChessBase"]
[SourceQuality "1"]
[TimeControl "5400+30"]

1. e4 c5 2. Nf3 d6 3. d4 cxd4 4. Nxd4 Nf6 5. Nc3 a6 6. Rg1 b5 7. a4 b4 8. Nd5 e6 (8... Nxe4 $5 9. Bc4 (9. Nxb4 e5 $17) 9... e6 $11) 9. Nxf6+ {[%emt 0:01:12] The position is equal.} Qxf6 10. Be3 Bb7 11. Qd2 Bxe4 12. O-O-O Qd8 13. Bg5 Be7 14. Bxe7 Qxe7 15. f3 Bg6 16. h4 Qxh4 {[%emt 0:11:40] aiming for ...0-0.} 17. f4 {[%emt 0:02:30][%cal Og2g3] And now g3! would win.} Be4 $1 18. g4 Nd7 19. Bg2 $1 Bxg2 20. Rxg2 Rc8 {[%emt 0:05:48][%mdl 8192] [#] Wards off Nc6. Loses the game.} (20... Qd8 $11 {and Black stays safe.}) 21. Nf5 $1 $18 {[%emt 0:12:14][%mdl 512] White is clearly winning.} exf5 22. Qxd6 Qe7 {[%emt 0:02:27] [#] Prevents Re2.} 23. Re2 $3 Rxc2+ 24. Rxc2 {[%emt 0:00:08] Rc8+ would kill now.} Qxd6 25. Rxd6 {[%emt 0:00:04][%mdl 4096] Endgame. KRR-KRN} Ke7 26. Rxa6 {[%emt 0:00:26] Threatens to win with Re2+.} Rb8 27. gxf5 Rb7 28. a5 b3 29. Re2+ Kd8 30. Ra8+ Kc7 31. Re7 {[%emt 0:00:59] Weighted Error Value: White=0.05 (flawless) /Black=0.51.  Loses game:     	---       	Black=1      Inaccurate:     	White=1     	Black=2      OK:         	White=10    	Black=7      Best:        	---       	Black=3      Strong:       	White=1     	Black=1      Brilliant:      	White=2     	---} 1-0

[Event "7th Sharjah Masters 2024"]
[Site "Sharjah"]
[Date "2024.05.14"]
[Round "1.25"]
[White "Mendonca, Leon Luke"]
[Black "Krzyzanowski, Marcin"]
[Result "0-1"]
[ECO "B92"]
[WhiteElo "2640"]
[BlackElo "2526"]
[Annotator "TA"]
[PlyCount "126"]
[EventDate "2024.05.13"]
[EventType "swiss"]
[EventCountry "UAE"]
[SourceTitle "playchess.com"]
[Source "ChessBase"]
[SourceQuality "1"]
[TimeControl "5400+30"]

1. e4 c5 2. Nf3 d6 3. d4 cxd4 4. Nxd4 Nf6 5. Nc3 a6 6. Be2 e5 7. Nb3 Be7 8. O-O O-O 9. Re1 Be6 {[%emt 0:00:57] B92: Sicilian Najdorf: 6 Be2.} 10. Bf3 Qc7 11. a4 Rc8 12. Be3 Nbd7 13. a5 h6 14. h3 Bf8 15. Nd2 $146 ({Predecessor:} 15. Qd2 Rab8 16. Rec1 b5 17. axb6 Nxb6 18. Na5 Nbd7 19. Rcb1 Nc5 20. Qe2 Nb7 21. Nxb7 Qxb7 {½-½ Wieczorek,O (2504)-Nasuta,G (2546) POL-ch sf Karpacz 2022 (8)}) 15... Qc6 16. Ndb1 Be7 17. b3 Bd8 18. Ra2 b6 19. axb6 Nxb6 20. Re2 a5 21. Rd2 Be7 22. Qe2 Nbd7 23. Qb5 Qc7 24. Na4 Rab8 25. Qa6 Bc4 26. Qxc4 Qxc4 27. bxc4 Rxb1+ 28. Kh2 Rxc4 29. Nb2 (29. Be2 $11 Rc8 (29... Rxe4 30. Nc3 $11) 30. Ba6) 29... Rc8 $15 30. c3 Nc5 31. Bxc5 Rxc5 32. Nd3 (32. c4 $17) 32... Rxc3 $19 33. Rxa5 {[%emt 0:00:26] [#]} d5 $1 34. Ra4 Bd6 35. Nb2 Ra3 36. Rxa3 Bxa3 37. Nd1 Bb4 38. Rc2 dxe4 ({Weaker is} 38... Nxe4 39. Ne3 $14) 39. Be2 Bd6 ({Black should play} 39... g6 40. Ne3 Kg7) 40. Ne3 $17 Rb8 41. g4 Rd8 42. Kg2 g6 43. Rc6 Kg7 44. h4 Bb8 45. Ra6 Nd5 46. Bc4 Nf4+ 47. Kg3 Rd7 48. g5 (48. h5 $17 {was worth a try.}) 48... h5 (48... Rc7 $19 49. Ra2 Nh5+ 50. Kh2 Ba7) 49. Ra5 Bd6 50. Bd5 $2 (50. Nd5 $17 {keeps fighting.}) 50... Bb4 $19 51. Rb5 {[%emt 0:00:19] [#]} Be1 $1 52. Bxe4 (52. Bc4 $142 Rd2 53. Rxe5) 52... Rd2 $19 53. Rxe5 Rxf2 54. Re8 Ne2+ 55. Kh3 Ng1+ 56. Kg3 Re2+ 57. Kf4 Bxh4 58. Nd5 Nh3+ 59. Kf3 Rf2+ (59... Nxg5+ 60. Kxe2 Bg3 61. Kf1 $18) 60. Ke3 Bxg5+ 61. Kd4 h4 62. Rb8 Rd2+ 63. Kc3 Nf2 0-1

[Event "7th Sharjah Masters 2024"]
[Site "Sharjah"]
[Date "2024.05.14"]
[Round "1.26"]
[White "Nikitenko, Mihail"]
[Black "Sargsyan, Shant"]
[Result "1/2-1/2"]
[ECO "B96"]
[WhiteElo "2529"]
[BlackElo "2637"]
[Annotator "TA"]
[PlyCount "107"]
[EventDate "2024.05.13"]
[EventType "swiss"]
[EventCountry "UAE"]
[SourceTitle "playchess.com"]
[Source "ChessBase"]
[SourceQuality "1"]
[TimeControl "5400+30"]

1. e4 c5 2. Nf3 d6 3. d4 cxd4 4. Nxd4 Nf6 5. Nc3 a6 6. Bg5 e6 7. f4 h6 8. Bh4 Qb6 9. a3 Nc6 (9... Qxb2 $2 10. Na4 $18) 10. Bf2 {[%emt 0:00:15][%cal Od4e6] [#] Strongly threatening Nxe6!} Qc7 (10... Qxb2 $2 11. Na4 $18) 11. Qf3 e5 12. Nxc6 bxc6 13. Bc4 exf4 14. Qxf4 Be7 15. O-O O-O 16. Bd4 Be6 17. Bxe6 fxe6 18. e5 dxe5 19. Bxe5 Qb6+ 20. Kh1 Nd7 21. Qg4 {[%emt 0:05:35][%csl Ge5][%cal Rg4g7] [#]} (21. Qd4 {simplifies} Qxd4 22. Bxd4 Rxf1+ 23. Rxf1 Nf6 24. g3) 21... Nxe5 22. Qxe6+ Kh8 23. Qxe7 Ng6 24. Qb4 Qxb4 25. axb4 Rxf1+ $1 26. Rxf1 $14 {[%emt 0:00:04][%mdl 4096] Endgame. KRN-KRN} Rb8 27. b3 Rxb4 28. Rd1 Kg8 29. Kg1 Ne7 30. Kf2 Rh4 31. h3 Rh5 32. Ne4 Nd5 33. c4 Rf5+ 34. Kg3 Nb4 35. h4 a5 36. Kg4 Rf8 37. Rd2 Kh7 38. h5 Rf7 39. Nc5 g6 40. hxg6+ Kxg6 41. Rd6+ Kg7 ({Of course not} 41... Rf6 42. Rxf6+ Kxf6 43. Nb7) 42. Rd7 ({White should try} 42. Ne6+ $14 Kh7 43. Nd4) 42... Rxd7 $11 {[%emt 0:09:54] The position is equal.} 43. Nxd7 {[%emt 0:00:14] KN-KN} Kf7 44. Nc5 {[%emt 0:00:30] Threatens to win with Kh5.} Ke7 $1 45. Kf5 Nc2 46. Ke5 h5 47. g3 Na1 48. Kd4 Nc2+ 49. Kd3 Nb4+ 50. Kc3 Kd6 51. Nb7+ Kc7 52. Nc5 (52. Nxa5 $2 {too greedy.} c5 53. Kd2 Kb6 $19) 52... Kd6 {[%emt 0:00:06] Prevents Ne6} 53. Nb7+ Kc7 54. Nc5 $1 {[%emt 0:00:04] Weighted Error Value: White=0.04 (flawless) /Black=0.04 (flawless) .  Mistake:       	White=1     	---        Inaccurate:     	White=2     	Black=1      OK:         	White=18    	Black=20     Best:        	White=1     	Black=6      Strong:       	White=1     	Black=2} (54. Nxa5 $2 {perishes.} c5 55. Kd2 Kb6 $19) 1/2-1/2

[Event "7th Sharjah Masters 2024"]
[Site "Sharjah"]
[Date "2024.05.14"]
[Round "1.27"]
[White "Mishra, Abhimanyu"]
[Black "Raja Rithvik R"]
[Result "1-0"]
[ECO "B45"]
[WhiteElo "2634"]
[BlackElo "2524"]
[Annotator "TA"]
[PlyCount "56"]
[EventDate "2024.05.13"]
[EventType "swiss"]
[EventCountry "UAE"]
[SourceTitle "playchess.com"]
[Source "ChessBase"]
[SourceQuality "1"]
[TimeControl "5400+30"]

1. e4 c5 2. Nf3 e6 3. d4 cxd4 4. Nxd4 Nf6 5. Nc3 Nc6 6. Bf4 Bb4 7. Ndb5 Nxe4 8. Qf3 d5 9. Nc7+ Kf8 {[%emt 0:00:07][%cal Oe6e5] And now ...e5! would win.} 10. Nxa8 {[%emt 0:00:48] Strongly threatening 0-0-0.} e5 11. Bd2 Nd4 12. Qd3 (12. Qd1 $1 $14 Bg4 (12... Nxd2 13. Qxd2 Bg4 14. a3 $16) 13. Qxg4 Nxc2+ 14. Ke2 Nd4+ (14... Nxa1 $2 15. Nxd5 Qxd5 16. Bxb4+ $18) 15. Ke1 Nc2+ 16. Ke2 Nd4+ (16... Nxa1 $2 17. Nxd5 Qxd5 18. Bxb4+ $18) 17. Ke1 Nc2+ 18. Ke2) 12... Nc5 $11 (12... Nxd2 $6 13. Qxd2 Bg4 14. h3 $18) 13. Qg3 Nxc2+ 14. Kd1 Nxa1 15. Qxe5 Ne4 $1 16. Be1 Bd6 17. Qxd5 Nxc3+ 18. Bxc3 {[%emt 0:04:55] Bb4 would now be deadly.} Be6 19. Qd4 $40 {[%emt 0:10:15][%mdl 128] Black needs to defend precisely.} Ke7 {[%emt 0:28:22] [#] White must now prevent ...Be5.} 20. Kc1 $1 Bxa2 {[%emt 0:05:57] aiming for ...Nb3+.} 21. Bc4 {[%emt 0:03:52] Threatening mate with Re1+. The board is on fire.} Nb3+ 22. Bxb3 Bxb3 23. Re1+ Kd7 (23... Be6 $1 $11 24. Qh4+ (24. Qxg7 $2 {perishes.} Rg8 $19) 24... Ke8 (24... f6 $2 25. Qg4 $18)) 24. Qg4+ $16 Be6 $1 {[%emt 0:02:07] [#]} 25. Rxe6 fxe6 26. Qxg7+ Kc6 $2 (26... Kc8 $1 $14 27. Qxh8 Qxh8 28. Bxh8 Kb8) 27. Qxh8 $18 Qxh8 28. Bxh8 b5 {[%emt 0:00:15] Weighted Error Value: White=0.14 (very precise) /Black=0.26 (precise) .  Loses game:     	---       	Black=1      Mistake:       	White=2     	Black=1      OK:         	White=8     	Black=6      Best:        	White=5     	Black=4      Strong:       	---       	Black=2      Brilliant:      	White=1     	---} 1-0

[Event "7th Sharjah Masters 2024"]
[Site "Sharjah"]
[Date "2024.05.14"]
[Round "1.28"]
[White "Yilmazyerli, Mert"]
[Black "Murzin, Volodar"]
[Result "0-1"]
[ECO "E62"]
[WhiteElo "2522"]
[BlackElo "2634"]
[Annotator "RC"]
[PlyCount "126"]
[EventDate "2024.05.13"]
[EventType "swiss"]
[EventCountry "UAE"]
[SourceTitle "playchess.com"]
[Source "ChessBase"]
[SourceQuality "1"]
[TimeControl "5400+30"]

1. d4 Nf6 2. c4 g6 3. Nf3 Bg7 4. g3 O-O 5. Bg2 c6 6. Nc3 d6 7. O-O Bf5 8. Re1 Ne4 9. Qb3 Nxc3 10. bxc3 Bc8 11. e4 Nd7 12. Ba3 c5 13. e5 dxe5 14. dxe5 Qc7 15. e6 fxe6 16. Ng5 Ne5 17. f4 Rf5 18. Rad1 h6 19. fxe5 hxg5 20. Qb5 Kf7 21. Be4 Bxe5 22. Bxf5 gxf5 23. Qxc5 Qxc5+ 24. Bxc5 Bc7 25. Bd4 Bd7 26. Be3 Bc6 27. Bxg5 Rg8 28. Be3 f4 29. Rf1 e5 30. Bxa7 Ke6 31. Rfe1 fxg3 32. hxg3 Rxg3+ 33. Kf2 Rxc3 34. Rc1 Rf3+ 35. Ke2 Ra3 36. Bc5 Ra5 37. Bb4 Rxa2+ 38. Kd3 Rh2 39. Bc3 Rh4 40. Rg1 Bb6 41. Rge1 e4+ 42. Kc2 e3 43. Kb3 Rh3 44. Kb4 Kf5 45. Rcd1 Bc7 46. Bd4 Bf4 47. Bc5 e5 48. Rd8 Ke4 49. Rf8 Rh2 50. Kc3 Rd2 51. Rf7 Rd3+ 52. Kb4 Kf3 53. Rh7 Bd7 54. Rf1+ Ke4 55. Re1 Bg4 56. Rg7 Bf3 57. Ka4 e2 58. Bb4 Bd2 59. Bxd2 Rxd2 60. Rxb7 Rd1 61. Rb1 Rxe1 62. Rxe1 Ke3 63. Ra1 Kf2 0-1

[Event "7th Sharjah Masters 2024"]
[Site "Sharjah"]
[Date "2024.05.14"]
[Round "1.29"]
[White "Puranik, Abhimanyu"]
[Black "Adhiban, B.."]
[Result "1/2-1/2"]
[ECO "E06"]
[WhiteElo "2631"]
[BlackElo "2523"]
[Annotator "TA"]
[PlyCount "67"]
[EventDate "2024.05.13"]
[EventType "swiss"]
[EventCountry "UAE"]
[SourceTitle "playchess.com"]
[Source "ChessBase"]
[SourceQuality "1"]
[TimeControl "5400+30"]

1. Nf3 d5 2. g3 Nf6 3. Bg2 e6 4. O-O Be7 5. c4 O-O 6. d4 c6 7. Qc2 b6 8. Nbd2 c5 9. e4 Bb7 10. exd5 exd5 {[%emt 0:00:08] The position is equal.} 11. dxc5 bxc5 12. cxd5 Bxd5 13. Rd1 Nc6 14. Nf1 {[%emt 0:06:27] Ne3 is the strong threat.} Qc8 15. Bf4 Re8 16. Rd2 h6 17. Ne3 Bxf3 18. Bxf3 {[%emt 0:00:04] White wants to play Nf5.} g5 19. Bxc6 gxf4 20. Bxe8 ({Much weaker is} 20. Bxa8 fxe3 21. Bd5 exd2 $19) 20... fxe3 21. Re2 (21. Bxf7+ $5 Kxf7 22. fxe3 $11) 21... Nxe8 22. Rxe3 Bf6 23. Rae1 Ng7 24. Rf3 Qc6 25. Rf4 Bg5 (25... a5 $15) 26. Rfe4 Rc8 27. b3 Nf5 28. h4 Bf6 29. Rg4+ Ng7 30. Qc4 Bd4 31. Rf4 {[%emt 0:01:29] Active counter play!} (31. Rc1 $11 Bb2 32. Rd1) 31... Ne6 $15 32. Rf5 Rd8 33. Kh2 Bg7 34. Qe4 {[%emt 0:01:50] Weighted Error Value: White=0.14 (very precise) /Black=0.06 (flawless) .  Mistake:       	White=1     	Black=1      Inaccurate:     	White=4     	---        OK:         	White=13    	Black=13     Best:        	---       	Black=2} 1/2-1/2

[Event "7th Sharjah Masters 2024"]
[Site "Sharjah"]
[Date "2024.05.14"]
[Round "1.30"]
[White "Klimkowski, Jan"]
[Black "Salem, A.R. Saleh"]
[Result "0-1"]
[ECO "C79"]
[WhiteElo "2518"]
[BlackElo "2629"]
[Annotator "TA"]
[PlyCount "132"]
[EventDate "2024.05.13"]
[EventType "swiss"]
[EventCountry "UAE"]
[SourceTitle "playchess.com"]
[Source "ChessBase"]
[SourceQuality "1"]
[TimeControl "5400+30"]

1. e4 e5 2. Nf3 Nc6 3. Bb5 a6 4. Ba4 d6 5. O-O Bd7 6. c3 Nf6 7. Re1 g6 8. d4 Bg7 9. Nbd2 {[%emt 0:04:46] C79: Ruy Lopez: Steinitz-type lines with 3...a6 4 Ba4 Nf6 5 0-0 d6.} O-O 10. Nf1 exd4 11. cxd4 b5 12. Bc2 Bg4 13. Be3 Nd7 14. Ng3 Bxf3 $146 ({Predecessor:} 14... Qf6 15. Ne2 Bxf3 16. gxf3 Qxf3 17. Nc3 Qh3 18. Bd3 Nf6 19. Bf1 Qh4 20. f3 Nh5 {1-0 Ruiz Buendia,M (2366)-Beisteiner,J (2079) Reykjavik op 2024 (9)}) 15. gxf3 Qf6 16. d5 Nce5 17. f4 Nc4 18. Rb1 Nxb2 19. Qg4 Qd8 20. Kh1 Nc4 21. Rg1 Re8 22. Nf5 Nxe3 23. fxe3 Nc5 24. Qg2 Rb8 25. Nd4 Rb6 26. Rbc1 b4 27. Nc6 Qd7 28. f5 Rxc6 29. dxc6 Qxc6 30. Rgf1 Qd7 31. Rf4 Re5 32. Rcf1 Qe8 33. fxg6 fxg6 34. Qe2 Kh8 35. Qc4 Ne6 36. R4f2 a5 37. Bb3 Qa8 38. Bc2 Nc5 39. Rf4 Bh6 40. Rg4 (40. Rf7 Nxe4 (40... Bxe3 $2 41. Rf8+ Kg7 42. Qg8+ Kh6 43. Rxa8 $18) 41. Bxe4 Rxe4 $17) 40... Qe8 (40... Bxe3 41. Qf7 Qe8 42. Qxc7 Nxe4 43. Rf7 $17) 41. Qf7 Re7 (41... Nxe4 $2 {perishes.} 42. Qxe8+ (42. Qxc7 Qa8 $11) 42... Rxe8 43. Rxe4 Rxe4 44. Bxe4 $18) 42. Qxe8+ Rxe8 43. Rf7 {[%emt 0:00:08] [#]} Bxe3 ({Black should try} 43... Rf8 $1 $17 44. Rxc7 Bxe3) 44. Rh4 $11 h6 45. Rh3 Bg5 46. Rxc7 Ne6 ({Much worse is} 46... Nxe4 $6 47. Rf3 Nf6 48. Bxg6 $16) 47. Rc6 Nd4 48. Rc4 Nxc2 49. Rxc2 Rxe4 50. Rd3 Bf4 51. Kg2 Re7 52. Rd5 Ra7 53. Kf3 Be5 54. Rb5 Kg7 55. Ke4 h5 56. Kd5 g5 57. Ke6 g4 58. Rf2 $2 (58. Rb8 $17 {keeps fighting.}) 58... Kg6 $19 59. Rd2 Ra8 60. Ke7 h4 61. Rbd5 Kf5 62. Rf2+ Ke4 63. Rd1 Ke3 64. Rg2 g3 65. hxg3 hxg3 66. Ke6 Rh8 0-1

[Event "7th Sharjah Masters 2024"]
[Site "Sharjah"]
[Date "2024.05.14"]
[Round "1.31"]
[White "Banusz, Tamas"]
[Black "Zemlyanskii, Ivan"]
[Result "1/2-1/2"]
[ECO "D02"]
[WhiteElo "2623"]
[BlackElo "2516"]
[Annotator "TA"]
[PlyCount "97"]
[EventDate "2024.05.13"]
[EventType "swiss"]
[EventCountry "UAE"]
[SourceTitle "playchess.com"]
[Source "ChessBase"]
[SourceQuality "1"]
[TimeControl "5400+30"]

1. Nf3 Nf6 2. d4 g6 3. Nbd2 d5 4. e3 Bg7 5. c4 O-O 6. b4 a5 {[%emt 0:00:30] D02: 1 d4 d5 2 Nf3 sidelines, including 2...Nf6 3 g3 and 2...Nf6 3 Bf4.} 7. b5 c5 8. dxc5 dxc4 9. Bb2 Nbd7 10. Bxc4 $146 ({Predecessor:} 10. c6 bxc6 11. bxc6 Nc5 12. Nxc4 Qc7 13. Nd4 Rd8 14. Qc2 Ba6 15. Be2 e5 16. Nb3 {1-0 Ushenina,A (2395)-Maltsevskaya,A (2296) Wch Blitz (Women) 2022 (15)}) 10... Nxc5 11. O-O Bg4 12. h3 Bxf3 13. Nxf3 Nfe4 14. Bxg7 Qxd1 15. Rfxd1 Kxg7 16. Rac1 Rac8 17. Bf1 Nd6 18. Ne5 Na4 19. Rxc8 (19. Nd7 $15 Nc3 20. Rxc3 Rxc3 21. Nxf8 Kxf8 22. Bd3) 19... Rxc8 $17 20. Rd4 {[%emt 0:00:30] [#]} Nb6 $1 21. Rd2 Rc1 22. Nd3 Rb1 23. Rb2 Rd1 24. Rc2 Nd5 25. g4 b6 26. Kg2 Nxb5 27. Rb2 (27. Nb2 $17 Na3 28. Nxd1 Nxc2 29. Kf3) 27... Nbc3 $19 28. Ne5 Rb1 29. Rd2 Rb4 (29... e6 $142 {...a4 is the strong threat.} 30. Bc4 Kf6 31. Bxd5 Nxd5 (31... exd5 $2 32. Nc6 $19) (31... Kxe5 $2 32. Bc6 $19) 32. Nd7+ Ke7) 30. Rc2 (30. Bc4 $142) 30... f6 (30... Ra4 $17 31. Bc4 f6 32. Bxd5 Nxd5) 31. Nc6 $15 Re4 (31... Ra4 $5 32. Nxe7 Nxe7 33. Rxc3 Rxa2 $16) 32. Nd4 e5 33. Ne6+ $1 Kf7 34. Nc7 $1 Ke7 $1 35. Nxd5+ Nxd5 36. Rc6 Kd7 37. Bb5 Nc7 ({Don't go for} 37... Ke7 $2 38. a3 $18) 38. Rxb6+ (38. Rxf6+ $2 {too greedy.} Nxb5 39. Rxb6 Nd6 $19) 38... Nxb5 39. Rxb5 Ra4 40. Rb7+ Ke6 41. Rxh7 g5 42. Ra7 e4 43. Rb7 Rxa2 44. Rb6+ Ke5 45. Rb5+ Kd6 46. Rb6+ Ke5 47. Rb5+ Ke6 48. Rb6+ Ke5 49. Rb5+ 1/2-1/2

[Event "7th Sharjah Masters 2024"]
[Site "Sharjah"]
[Date "2024.05.14"]
[Round "1.32"]
[White "Avila Pavas, Santiago"]
[Black "Suleymanli, Aydin"]
[Result "1/2-1/2"]
[ECO "C47"]
[WhiteElo "2516"]
[BlackElo "2621"]
[Annotator "TA"]
[PlyCount "89"]
[EventDate "2024.05.13"]
[EventType "swiss"]
[EventCountry "UAE"]
[SourceTitle "playchess.com"]
[Source "ChessBase"]
[SourceQuality "1"]
[TimeControl "5400+30"]

1. e4 e5 2. Nf3 Nc6 3. d4 exd4 4. Nxd4 Nf6 5. Nc3 Bb4 6. Nxc6 bxc6 7. Bd3 d5 8. exd5 O-O 9. O-O cxd5 10. h3 c6 11. Qf3 Bd6 12. Bf4 Qc7 13. Ne2 Re8 14. Rae1 Bd7 15. c4 Rab8 16. b3 Bxf4 (16... Be5 {is interesting.} 17. cxd5 cxd5 18. Bxe5 Qxe5 19. Nc3 Qd6) 17. Nxf4 Qa5 18. Rxe8+ Rxe8 19. cxd5 cxd5 20. Nh5 Nxh5 21. Qxh5 g6 22. Qf3 Be6 23. Qe2 Qc3 24. Rd1 Rc8 25. h4 a5 26. h5 Qf6 27. Qd2 Qc3 (27... gxh5 $11 28. Qxa5 h6) 28. Qg5 $1 $14 Qd4 29. Be2 Qb2 30. Bf3 ({White should try} 30. Ba6 $1 $14 Qc2 31. Rf1) 30... Qxa2 $11 {[%emt 0:01:22] The position is equal.} 31. Bxd5 Qc2 32. Rd2 Qc1+ 33. Kh2 {[%emt 0:00:01] [#] And now hxg6 would win.} Qc5 {[%emt 0:02:10][%cal Oh7h6] White must now prevent ...h6!} 34. f4 Qd6 (34... Qe3 {with more complications.} 35. Bxe6 fxe6 36. Rd7 e5) 35. Bxe6 Qxe6 36. Qxa5 {[%emt 0:01:15][%mdl 4096] Endgame. KQR-KQR} Qf6 {[%emt 0:00:42] Repels Rd8+} 37. Qg5 Qxg5 38. fxg5 gxh5 {[%emt 0:00:23] KR-KR} 39. b4 Rb8 40. Rb2 Rb5 41. Kg3 Kf8 42. Kh4 Kg7 43. g4 hxg4 44. Kxg4 f6 45. gxf6+ {[%emt 0:01:33] Weighted Error Value: White=0.05 (flawless) /Black=0.05 (flawless) .  Mistake:       	White=1     	Black=1      OK:         	White=14    	Black=17     Best:        	White=1     	Black=2      Strong:       	White=1     	---} 1/2-1/2